 Dungeon Crawl Stone Soup version 0.18-a0-1147-g8e8348b (console) character file.

1013587 sorlin the Heavyweight Champion (level 27, -1/319 (323) HPs)
             Began as a Troll Monk on Jan 21, 2016.
             Was a High Priest of Cheibriados.
             Slain by a greater mummy (23 damage)
             ... on level 1 of the Tomb of the Ancients on Jan 22, 2016.
             The game lasted 09:18:48 (92616 turns).

sorlin the Heavyweight Champion (Troll Monk)       Turns: 92616, Time: 09:18:48

HP:   -1/319 (323)  AC: 24    Str: 44    XL:     27
MP:   12/38         EV: 32    Int: 24    God:    Cheibriados [*****.]
Gold: 10206         SH:  8    Dex: 26    Spells: 14 memorised, 6 levels left

rFire  + . .     SeeInvis +       - Unarmed
rCold  . . .     Gourm    +     (armour currently unavailable)
rNeg   + + .     Faith    .     (no shield)
rPois  ∞         Spirit   .     (helmet restricted)
rElec  +         Dismiss  .     B - +1 cloak {rPois}
rCorr  .         Reflect  +     (gloves unavailable)
SustAt +         Harm     .     (boots unavailable)
MR     +++..     Rnd*Rage +     M - brooch of Shielding {Reflect SH+8}
Stlth  ++........ Rnd*Tele +    K - ring "Zuqaibb" {rF+ Dex+5 SInv}
                                z - ring "Elony" {SustAt rN+ MR+ Slay+3, =R}

@: mighty, statue-form, drained, very slow, extremely resistant to hostile
enchantments, unstealthy
A: unfitting armour, claws 3, berserk 1, blurry vision 2, clumsy 2, deformed
body, deterioration 1, dopey 2, fast metabolism 3, frail 2, gourmand,
regeneration 2, screaming 3, (shaggy fur 0), teleportitis 1, (tough skin 0),
weak 2, subdued magic 2
a: End Transformation, Bend Time, Temporal Distortion, Slouch, Step From Time,
Renounce Religion
}: 7/15 runes: decaying, slimy, silver, abyssal, demonic, glowing, gossamer


You were on level 1 of the Tomb of the Ancients.
You worshipped Cheibriados.
Cheibriados was extremely pleased with you.
You were very full.
You were a stone statue.
You visited 14 branches of the dungeon, and saw 69 of its levels.
You visited Pandemonium 1 time, and saw 11 of its levels.
You visited the Abyss 1 time.
You visited 1 ziggurat, and saw 1 of its levels.

You collected 11078 gold pieces.
You spent 872 gold pieces at shops.

Inventory:

Missiles
 j - 72 large rocks (quivered)
Armour
 u - a +3 gold dragon armour
 B - a +1 cloak of poison resistance (worn)
 L - a +3 pearl dragon armour (melded)
Magical Staves
 b - an uncursed staff of energy
Rods
 Y - a +6 rod of shadows (10/10)
   (You took it off a yaktaur captain on level 5 of the Vaults)
Jewellery
 o - the ring "Zub Rira" {rF+ rC+ rN+}
   (You found it on level 3 of the Crypt)

   [ring of positive energy]

   It protects you from fire.
   It protects you from cold.
   It protects you from negative energy.
 z - the ring "Elony" (left claw) {SustAt rN+ MR+ Slay+3, =R}
   (You found it on level 2 of the Swamp)

   [ring of sustain attributes]

   It sustains your strength, intelligence and dexterity.
   It affects your accuracy and damage with ranged weapons and melee attacks
   (+3).
   It protects you from negative energy.
   It affects your resistance to hostile enchantments.
 H - the ring "Enuajoli" {+Inv rN+ Str-2 Slay+3}
   (You found it on level 3 of the Crypt)

   [ring of positive energy]

   It affects your strength (-2).
   It affects your accuracy and damage with ranged weapons and melee attacks
   (+3).
   It protects you from negative energy.
   It lets you turn invisible.
 K - the ring "Zuqaibb" (right claw) {rF+ Dex+5 SInv}
   (You took it off a yaktaur on level 5 of the Vaults)

   [ring of see invisible]

   It affects your dexterity (+5).
   It protects you from fire.
   It lets you see invisible.
 M - the brooch of Shielding (around neck) {Reflect SH+8}
   (You found it on level 8 of the Dungeon)

   [amulet of reflection]

   It shields you and reflects attacks.
   It affects your SH (+8).
 P - the ring of Cummas {+Blink rElec rN+ MR+}
   (You found it on level 6 of the Pits of Slime)

   [ring of positive energy]

   It insulates you from electricity.
   It protects you from negative energy.
   It affects your resistance to hostile enchantments.
   It lets you blink.
 S - the ring of Lugonu's Displeasure {-Tele rC+ rN+ Str+3 Int+5}
   (You took it off a guardian mummy on level 3 of the Crypt)

   [ring of strength]

   It affects your strength (+3).
   It affects your intelligence (+5).
   It protects you from cold.
   It protects you from negative energy.
   It prevents most forms of teleportation.
Wands
 p - a wand of digging (5/24)
 w - a wand of heal wounds (0/9)
 y - a wand of invisibility (4/9)
 G - a wand of disintegration (5/24)
 T - a wand of teleportation (0/9)
 V - a wand of enslavement (3/24)
Scrolls
 c - 17 scrolls of teleportation
 d - 21 scrolls of remove curse
 e - 3 scrolls of silence
 i - a scroll of recharging
 m - 3 scrolls of fear
 v - 5 scrolls of magic mapping
 C - a scroll of blinking
 J - 12 scrolls of identify
 O - 5 scrolls of fog
 R - 2 scrolls of summoning
Potions
 a - 6 potions of brilliance
 g - 4 potions of heal wounds
 k - 5 potions of resistance
 l - 13 potions of curing
 q - 3 potions of flight
 D - a potion of invisibility
 U - 6 potions of agility
Books
 A - a book of Power

   Spells                             Type                      Level
   a - Fulminant Prism                Conjuration/Hexes            4
   b - Iskenderun's Mystic Blast      Conjuration                  4
   c - Venom Bolt                     Conjuration/Poison           5
   d - Bolt of Magma                  Conjuration/Fire/Earth       5
   e - Iron Shot                      Conjuration/Earth            6
   f - Orb of Destruction             Conjuration                  7
   g - Spellforged Servitor           Conjuration/Summoning        7
 F - a Necronomicon

   Spells                             Type                      Level
   a - Haunt                          Necromancy/Summoning         7
   b - Borgnjor's Revivification      Necromancy                   8
   c - Death's Door                   Charms/Necromancy            8
   d - Necromutation                  Transmutation/Necromancy     8
Miscellaneous
 n - an ornate deck of changes {the Elixir, drawn: 1}
 r - an ornate deck of war {the Dance}
 s - the horn of Geryon
 I - a sack of spiders {used: 2}
 Q - a phial of floods
 W - a phantom mirror
 Z - a lamp of fire
Comestibles
 h - 5 bread rations
 x - 39 meat rations


   Skills:
 + Level 24.8(24.6) Fighting
 - Level 10.0(9.8) Throwing
 - Level 16.5(16.3) Armour
 - Level 20.7(20.5) Dodging
 - Level 1.1(1.0) Stealth
 O Level 27(26.7) Unarmed Combat
 - Level 12.0(11.8) Spellcasting
 - Level 7.3(7.1) Translocations
 - Level 15.4(15.2) Transmutations
 - Level 15.0(14.8) Earth Magic
 - Level 14.0(13.8) Invocations
 - Level 6.0(5.8) Evocations


You had 6 spell levels left.
You knew the following spells:

 Your Spells              Type           Power        Failure   Level  Hunger
a - Summon Butterflies    Summ           #.......     1%          1    None
b - Tukima's Dance        Hex            #.......     3%          3    None
c - Confuse               Hex            #.......     3%          3    None
d - Statue Form           Trmt/Erth      #####....    0%          6    #####..
e - Summon Small Mammal   Summ           #...         1%          1    None
f - Apportation           Tloc           ###.......   0%          1    None
g - Repel Missiles        Chrm/Air       #.....       1%          2    None
h - Phase Shift           Tloc           ###.......   1%          5    ###....
i - Blade Hands           Trmt           #####.....   0%          5    ###....
j - Blink                 Tloc           N/A          0%          2    None
k - Conjure Flame         Conj/Fire      #.......     3%          3    None
l - Dragon Form           Trmt           #####.....   1%          7    ######.
m - Portal Projectile     Tloc           ###...       0%          3    None
n - Shroud of Golubria    Chrm/Tloc      ###.......   0%          2    None


Dungeon Overview and Level Annotations

Branches:
Dungeon (15/15)            Temple (0/1) D:5            Lair (8/8) D:9
  Swamp (4/4) Lair:3       Spider (4/4) Lair:6        Slime (6/6) Lair:6
    Orc (2/2) D:9             Elf (3/3) Orc:2        Vaults (5/5) D:14
  Crypt (3/3) Vaults:3       Tomb (1/3) Crypt:3      Depths (5/5) D:15
   Hell (1/1)                 Dis (0/7) Hell            Geh (0/7) Hell
    Coc (0/7) Hell            Tar (7/7) Hell            Zot (5/5) Depths:5

Altars:
Ashenzari
Cheibriados
Elyvilon
Fedhas
Kikubaaqudgha
Makhleb
Nemelex Xobeh
Okawaru
Qazlal
Trog
Vehumet
Xom
Yredelemnul
The Shining One
Beogh
Jiyva

Shops:
D:9 (*[   Orc:2 ![(?   Elf:1 (   Vaults:3 [   Vaults:5 [

Portals:
Hell: Depths:1 Depths:2 Depths:3 Depths:4 Depths:5
Abyss: Depths:1 Depths:2 Depths:4 Depths:5
Pandemonium: Depths:2 Depths:3 Depths:4

Annotations:
Elf:3 1 exclusion
Tar:7 Ereshkigal


Innate Abilities, Weirdness & Mutations

You are too large for most types of armour.
You have claws for hands.
Your metabolism is lightning-fast.
You like to eat raw meat.
You heal very quickly.
((You are covered in fur (AC +1).))
((You have very tough skin (AC +2).))
You tend to lose your temper in combat.
Scrolls take you longer to read.
You are very clumsy. (Dex -4)
Armour fits poorly on your strangely shaped body.
Your body sometimes deteriorates upon taking damage.
You are very dopey. (Int -4)
You are very frail (-20% HP).
You frequently scream uncontrollably at your foes.
You are occasionally teleported next to monsters.
You are very weak. (Str -4)
Your spells are easier to cast, but less powerful.


Message History

You convulse helplessly as pain tears through your body!
* * * LOW HITPOINT WARNING * * *
You are engulfed in negative energy.
You resist. You partially resist.
You feel drained.
You claw the jiangshi!
The jiangshi is moderately damaged.
You are engulfed in negative energy.
You resist. You partially resist.
You feel drained.
* * * LOW HITPOINT WARNING * * *
Your surroundings suddenly seem different.
A greater mummy and a mummy priest come into view.
Drink which item? (? for menu, Esc to quit)
You feel very mighty all of a sudden.
An anubis guard comes into view. It is wielding a flail.
The anubis guard barks!
You eviscerate the greater mummy!!!!!
The greater mummy is almost destroyed.
The mummy priest calls down the wrath of its god upon you.
Something smites you!
* * * LOW HITPOINT WARNING * * *
The greater mummy hits you!!
You die...

......................
......................
.................⌠.⌠..
......................
......................
......................
................8...8.
......................
##############.......
######## #.8...8.
#..8M..# #.......
#........# #.......
#.....####...#
#.8..... #....# ...#
#....... #...# ...
#MW..... #..# H.
#M8W..8. #.M .
#8...... #. #§V.....
#§8...8. #.§.....
##8''''#


You could see a greater mummy, a mummy priest and an anubis guard.

Vanquished Creatures
  the Royal Jelly (Slime:6)
  Dissolution (Slime:6)
  Mnoleg (Pan)
  10 ancient liches
  Khufu (Crypt:3)
  5 orbs of fire (Zot:5)
  Mara (Crypt:1)
  Mennas (Crypt:2)
  A juggernaut (Depths:5)
  2 greater mummies (Tomb:1)
  Sojobo (Crypt:2)
  Boris (Vaults:3)
  8 pandemonium lords (Pan)
  Margery (Depths:1)
  Norris (Vaults:1)
  A caustic shrike (Depths:4)
  Saint Roka (Vaults:2)
  2 curse toes
  Frederick (Vaults:2)
  Geryon (Hell)
  3 Killer Klowns
  2 profane servitors
  12 golden dragons
  Arachne (Spider:3)
  10 bone dragons
  Jory (Crypt:1)
  13 liches
  7 doom hounds
  A Brimstone Fiend (Pan)
  Jorgrun (Vaults:3)
  6 electric golems
  2 Ice Fiends (Pan)
  28 tentacled monstrosities
  2 Hell Sentinels (Pan)
  3 quicksilver dragons (Vaults:5)
  25 Orb Guardians (Zot:5)
  A shard shrike skeleton (Crypt:2)
  Asterion (Spider:2)
  2 titans
  A deep elf master archer (Elf:3)
  15 tentacled starspawn (Abyss:3)
  27 acid blobs
  A deep elf blademaster (Elf:3)
  13 Shadow Fiends
  10 sphinxes
  6 death cobs
  A kraken (Abyss:3)
  7 ancient champions
  9 Executioners
  An eldritch tentacle (Pan)
  17 shadow dragons
  11 storm dragons
  30 azure jellies
  2 draconian monks
  2 revenants
  7 tengu reavers
  Roxanne (Elf:1)
  An azure jelly (shapeshifter) (Vaults:5)
  A blood saint (Pan)
  11 fire giants
  Wiglaf (Vaults:1)
  33 cacodemons
  Maud (D:11)
  6 frost giants
  7 draconian scorchers
  A juggernaut zombie (Hell)
  6 ghost moths
  6 balrugs
  6 draconian knights
  3 chaos champions (Pan)
  Louise (Swamp:4)
  9 deep elf sorcerers
  5 emperor scorpions
  15 vault wardens
  A ghost moth (shapeshifter) (Depths:1)
  2 black suns (Pan)
  5 warmongers (Pan)
  5 draconian annihilators
  6 draconian zealots (Zot:2)
  2 curse skulls
  13 ironheart preservers
  An orc warlord (Orc:2)
  11 draconian shifters
  2 spriggan defenders (Depths:4)
  3 war gargoyles
  87 large abominations
  11 deep elf elementalists
  10 ghouls
  11 vampire knights
  34 very ugly things
  38 reapers
  8 green draconians
  15 stone giants
  7 salamander stormcallers
  3 deep elf demonologists
  6 deep elf annihilators
  3 draconian callers
  2 bennus (Tomb:1)
  4 corrupters (Pan)
  8 dire elephants
  6 yellow draconians
  12 lorocyprocas
  9 black draconians
  8 red draconians
  19 spark wasps
  15 white draconians
  15 mottled draconians
  7 ettins
  9 purple draconians
  A merfolk javelineer (Depths:4)
  35 blizzard demons
  Snorg (Orc:1)
  9 green deaths
  2 minotaurs (Depths:2)
  11 deep elf death magi
  3 quicksilver dragon zombies
  2 eidola
  3 mummy priests
  33 vault guards
  14 fire dragons
  Josephine (D:13)
  2 crystal guardians
  14 death oozes
  8 entropy weavers
  18 yaktaur captains
  9 deep elf high priests
  23 ice dragons
  31 jiangshi
  14 great orbs of eyes
  8 rakshasas
  18 hydras
  The ghost of smeego the Covert, a journeyman KoAs of Nemelex Xobeh (Lair:2)
  7 hell beasts
  A naga warrior (Abyss:3)
  21 ogre magi
  2 anacondas
  3 spriggan air magi
  8 death knights
  A catoblepas (Lair:7)
  3 monstrous demonspawn
  14 centaur warriors
  A queen ant (Spider:1)
  14 death yaks
  6 deep troll shamans
  23 thrashing horrors (Abyss:3)
  A tengu warrior (Depths:1)
  6 deep troll earth magi
  2 alligators (Swamp:4)
  35 dancing weapons
  An orc high priest (Elf:1)
  46 soul eaters
  12 vampire magi
  A titan zombie (Tar:2)
  4 spriggan berserkers
  9 hell hogs
  34 deep elf knights
  6 iron trolls
  25 sun demons
  9 spriggans
  10 hell knights
  Nergalle (D:11)
  19 wretched stars (Abyss:3)
  A spark wasp zombie (Hell)
  18 shadow wraiths
  4 spatial maelstroms (Abyss:3)
  71 skeletal warriors
  An iron golem (Hell)
  A spectral emperor scorpion (Spider:4)
  A golden dragon zombie (Hell)
  28 small abominations
  3 titan skeletons
  2 fire crabs
  3 salamander mystics
  A storm dragon zombie (Vaults:2)
  A storm dragon skeleton (Abyss:3)
  10 death scarabs
  9 flayed ghosts
  2 anaconda zombies
  2 deep trolls (shapeshifter)
  8 giant orange brains
  5 infernal demonspawn (Pan)
  2 torturous demonspawn (Pan)
  6 unseen horrors
  29 deep trolls
  5 swamp dragons
  2 shambling mangroves
  5 gelid demonspawn
  7 hill giants
  A tengu zombie (Depths:3)
  A hill giant (shapeshifter) (Vaults:5)
  14 orc knights
  Pikel (D:4)
  3 anaconda skeletons
  An anubis guard (shapeshifter) (Elf:1)
  3 putrid demonspawn (Pan)
  18 shadow demons
  19 deep elf archers
  8 harpies
  An orb spider (shapeshifter) (Vaults:3)
  4 spectral wolf spiders (Spider:4)
  A wizard (D:15)
  The ghost of ErgoProxy the Cleaver, a novice HOAr of Pakellas (D:6)
  17 ironbrand convokers
  3 golden dragon skeletons
  15 necromancers
  2 iron dragon zombies
  12 phantasmal warriors
  A fire giant zombie (Abyss:3)
  12 salamanders
  6 griffons
  A mana viper (Abyss:3)
  A mana viper (shapeshifter) (Vaults:4)
  73 deep elf magi
  A shadow dragon zombie (Tar:7)
  3 orc sorcerers
  5 shining eyes
  A spectral ice dragon (Crypt:3)
  A hornet (shapeshifter) (D:13)
  A salamander (shapeshifter) (Vaults:5)
  55 ugly things
  A manticore (shapeshifter) (Depths:2)
  2 stone giant zombies
  4 worldbinders (Abyss:3)
  2 frost giant zombies (Crypt:1)
  30 sixfirhies
  10 hornets
  30 moths of wrath
  15 orb spiders
  2 dire elephant zombies
  31 wolf spiders
  8 cyclopes
  3 stone giant skeletons
  28 elephants
  Maurice (D:13)
  An elephant (shapeshifter) (Vaults:2)
  4 fire giant skeletons
  7 rust devils
  2 guardian serpents (Abyss:3)
  2 ice statues (Hell)
  2 shock serpent zombies (Crypt:1)
  17 vault sentinels
  A titan simulacrum (Abyss:3)
  2 apocalypse crabs (Abyss:3)
  2 frost giant skeletons
  A torpor snail (shapeshifter) (Abyss:3)
  6 eyes of devastation
  A gargoyle (D:14)
  8 torpor snails
  8 black mambas
  38 smoke demons
  36 orange demons
  6 spectral redbacks (Spider:4)
  A dire elephant skeleton (Tar:4)
  A storm dragon simulacrum (Depths:3)
  22 spiny frogs
  9 hellions
  54 yaktaurs
  2 yaktaurs (shapeshifter)
  2 catoblepas zombies
  10 tormentors
  4 efreet
  4 kobold demonologists
  23 ice devils
  An alligator snapping turtle skeleton (Crypt:2)
  25 demonic crawlers
  8 komodo dragons
  An anaconda simulacrum (Hell)
  9 ancient zymes (Abyss:3)
  4 fire drakes
  15 hellwings
  A fire drake (shapeshifter) (D:15)
  24 freezing wraiths
  A redback zombie (Spider:4)
  3 hydra zombies
  2 queen bees (shapeshifter) (D:15)
  11 red devils
  3 tengu conjurers
  13 guardian mummies
  The ghost of Phoenix the Covert, a novice SpAs of Gozag (D:5)
  A green draconian skeleton (Crypt:1)
  12 trolls
  2 silent spectres
  A pale draconian skeleton (Crypt:2)
  42 jumping spiders
  An entropy weaver zombie (Hell)
  An ettin zombie (Crypt:1)
  8 giant leeches
  33 blink frogs
  2 shadow dragon simulacra
  A boulder beetle (Spider:4)
  36 two-headed ogres
  An alligator zombie (Tar:7)
  2 spectral jumping spiders (Spider:4)
  2 polar bears
  5 spectral tarantellas (Spider:4)
  A harpy skeleton (Crypt:1)
  A spectral hornet (Spider:4)
  A tarantella zombie (Spider:4)
  146 slime creatures
  An ice dragon zombie (Tar:6)
  39 raiju (Abyss:3)
  The ghost of RepHenryClay the Ruffian, an amateur GrMo (D:4)
  A stone giant simulacrum (Crypt:3)
  7 bog bodies
  3 jumping spider zombies (Spider:4)
  11 air elementals
  2 alligator skeletons
  103 flying skulls
  A black mamba zombie (Tomb:1)
  An ettin skeleton (Tar:7)
  38 tarantellas
  41 ynoxinuls
  A spriggan (shapeshifter) (Depths:5)
  19 shadows
  108 redbacks
  4 black mamba skeletons
  A yak (shapeshifter) (Vaults:3)
  2 fire dragon skeletons (Tar:7)
  13 water elementals
  22 wraiths
  8 wyverns
  71 yaks
  4 vampires
  6 basilisks
  A hog (shapeshifter) (Vaults:1)
  7 fire elementals
  15 golden eyes
  2 basilisks (shapeshifter)
  44 chaos spawn
  A golden eye (shapeshifter) (Depths:5)
  18 hippogriffs
  A steam dragon (Lair:8)
  23 vampire mosquitoes
  A hippogriff (shapeshifter) (Depths:3)
  45 neqoxecs
  22 wolves
  A hungry ghost (Tar:7)
  4 swamp worm simulacra (Swamp:4)
  A warg (shapeshifter) (Depths:1)
  A soldier ant (shapeshifter) (D:15)
  3 spatial vortices (Abyss:3)
  24 swamp worms
  10 insubstantial wisps (Swamp:3)
  A mottled dragon (shapeshifter) (Abyss:3)
  2 mottled dragons (Vaults:1)
  9 wargs
  2 swamp worms (shapeshifter)
  27 soldier ants (Spider:1)
  4 nagas (Abyss:3)
  15 hydra simulacra
  15 water moccasins
  15 hell hounds
  A water nymph skeleton (Crypt:2)
  56 orc warriors
  15 porcupines
  7 ice beasts
  2 slaves (D:4)
  A fire dragon simulacrum (Crypt:3)
  123 starcursed masses (Abyss:3)
  A spiny frog skeleton (Hell)
  5 swamp drakes
  A blink frog zombie (Crypt:2)
  9 eyes of draining
  3 sky beasts
  A snapping turtle zombie (Tar:7)
  8 phantoms
  2 black bears (D:7)
  20 wasps
  2 swamp dragon zombies
  16 necrophages
  9 boggarts
  An ogre (shapeshifter) (Vaults:4)
  2 manticore skeletons
  A lindwurm skeleton (Crypt:1)
  81 ogres
  17 centaurs
  21 crocodiles
  A swamp dragon skeleton (Tar:4)
  A snapping turtle skeleton (Abyss:3)
  3 human zombies
  4 big kobolds
  6 earth elementals
  31 giant frogs
  A wyvern zombie (D:13)
  4 scorpions
  A wyvern skeleton (D:14)
  A warg skeleton (Crypt:2)
  15 killer bees
  17 wights
  5 electric eels
  5 centaur zombies
  17 crimson imps
  7 quasits
  A wasp zombie (D:6)
  4 human simulacra
  33 jellies
  4 giant frog zombies
  15 hounds
  35 orc priests
  2 giant frog skeletons (D:13)
  6 iron imps
  4 centaur skeletons
  8 iguanas
  22 worker ants
  A porcupine zombie (Crypt:2)
  A human skeleton (Tar:7)
  30 orc wizards
  11 hell rats
  46 sheep
  A big kobold zombie (Crypt:2)
  3 centaur simulacra
  3 hound zombies
  2 hound skeletons
  6 mummies (Tomb:1)
  4 worker ant zombies
  15 adders
  13 gnolls
  53 river rats
  15 shadow imps
  10 white imps
  3 ufetubi
  4 swamp drake simulacra (Swamp:4)
  An ooze (D:1)
  A sheep zombie (Crypt:1)
  An adder skeleton (D:4)
  An adder zombie (D:8)
  2 worms
  8 giant geckos
  131 orcs
  A bat zombie (D:3)
  7 giant cockroaches
  7 goblins
  8 hobgoblins
  3 jackals
  17 kobolds
  4 quokkas
  A ball python (D:2)
  A bat (D:1)
  5 giant newts
  A kobold skeleton (Crypt:1)
  A quokka skeleton (D:5)
  A quokka zombie (D:5)
  9 rats
  A rat skeleton (Crypt:1)
  A rat zombie (D:3)
  A fire vortex (Vaults:4)
  A fungus (Lair:3)
  3 lost souls
  2 lurking horrors (Abyss:3)
  11 plants
  11 starspawn tentacles (Abyss:3)
  6 tentacles (Abyss:3)
4747 creatures vanquished.

Vanquished Creatures (collateral kills)
  An acid blob (Slime:5)
  A centaur warrior (D:13)
  2 elephants (Lair:8)
  3 slime creatures (Slime:5)
7 creatures vanquished.

Vanquished Creatures (others)
  A deep elf master archer (Elf:3)
  4 eldritch tentacles
  A deep elf sorcerer (Elf:1)
  A draconian annihilator (Zot:2)
  Nessos (D:13)
  A yellow draconian (Zot:5)
  A purple draconian (Zot:2)
  A fire dragon (Zot:3)
  A blizzard demon (Pan)
  A yaktaur captain (Vaults:5)
  A rakshasa (D:15)
  A deep elf knight (Elf:2)
  A spark wasp zombie (Hell)
  A deep elf archer (Elf:1)
  A manticore (D:13)
  2 moths of wrath (Zot:5)
  A large abomination (Pan)
  3 yaktaurs
  A hellwing (Pan)
  4 small abominations (Abyss:3)
  A swamp worm (Swamp:4)
  2 hell hounds
  A human zombie (Hell)
  An orc warrior (D:13)
  2 ogres
  2 boggarts (Depths:4)
  An iron imp (Hell)
  A jelly (Slime:6)
  A hell rat (Depths:1)
  4 orcs (D:4)
  A kobold (D:15)
  A bush (Lair:7)
  345 eldritch tentacle segments
  32 fungi
  7 lost souls
  4 lurking horrors (Abyss:3)
  50 plants
  28 starspawn tentacles (Abyss:3)
  202 starspawn tentacle segments (Abyss:3)
  8 tentacles (Abyss:3)
  281 tentacle segments (Abyss:3)
1004 creatures vanquished.

Grand Total: 5758 creatures vanquished

Notes
Turn   | Place    | Note
--------------------------------------------------------------
     0 | D:1      | sorlin the Troll Monk began the quest for the Orb.
     0 | D:1      | Reached XP level 1. HP: 22/22 MP: 0/0
   454 | D:1      | Reached XP level 2. HP: 29/29 MP: 1/1
  1210 | D:2      | Reached skill level 5 in Unarmed Combat
  1210 | D:2      | Reached XP level 3. HP: 27/36 MP: 2/2
  2044 | D:3      | Reached XP level 4. HP: 44/44 MP: 3/3
  2093 | D:3      | Found an ancient bone altar of Kikubaaqudgha.
  2176 | D:3      | Reached skill level 6 in Unarmed Combat
  2215 | D:3      | Reached XP level 5. HP: 29/50 MP: 4/4
  2222 | D:3      | Noticed an ogre
  2577 | D:3      | Reached skill level 7 in Unarmed Combat
  2648 | D:3      | Found a snail-covered altar of Cheibriados.
  2653 | D:3      | Became a worshipper of Cheibriados the Contemplative
  2653 | D:3      | Reached * piety under Cheibriados
  2653 | D:3      | Reached ** piety under Cheibriados
  2797 | D:4      | Noticed RepHenryClay's ghost (amateur GrMo)
  3046 | D:4      | Reached XP level 6. HP: 38/59 MP: 5/5
  3267 | D:4      | Noticed a slave
  3702 | D:4      | Noticed a slave
  3703 | D:4      | Noticed Pikel
  3704 | D:4      | Noticed a slave
  3716 | D:4      | Killed a slave
  3719 | D:4      | Killed a slave
  3889 | D:4      | Killed Pikel
  3889 | D:4      | Reached skill level 5 in Dodging
  3889 | D:4      | Reached XP level 7. HP: 43/66 MP: 6/6
  3964 | D:4      | Killed RepHenryClay's ghost
  3964 | D:4      | Reached XP level 8. HP: 42/74 MP: 7/7
  4343 | D:5      | Entered Level 5 of the Dungeon
  4691 | D:5      | Noticed Phoenix's ghost (novice SpAs)
  4709 | D:5      | Killed Phoenix's ghost
  4922 | D:5      | Found a glowing golden altar of the Shining One.
  4945 | D:5      | Found a white marble altar of Elyvilon.
  4945 | D:5      | Found a blossoming altar of Fedhas.
  5055 | D:5      | Found a staircase to the Ecumenical Temple.
  5169 | D:6      | Reached *** piety under Cheibriados
  5170 | D:6      | Noticed ErgoProxy's ghost (novice HOAr)
  5185 | D:6      | Killed ErgoProxy's ghost
  5185 | D:6      | Reached skill level 5 in Throwing
  5185 | D:6      | Reached XP level 9. HP: 27/80 MP: 8/8
  5552 | D:6      | Reached skill level 1 in Invocations
  5669 | D:6      | Got a flickering granite ring
  5673 | D:6      | Identified the ring of Devi {Wiz MR+ Int+4} (You found it on level 6 of the Dungeon)
  5912 | D:6      | Found a shimmering altar of Xom.
  6039 | D:6      | Reached **** piety under Cheibriados
  6110 | D:6      | Found a bloodstained altar of Trog.
  6437 | D:7      | Learned a level 1 spell: Corona
  6441 | D:7      | Learned a level 3 spell: Tukima's Dance
  6781 | D:7      | Reached skill level 5 in Invocations
  7381 | D:7      | Reached ***** piety under Cheibriados
  7381 | D:7      | Reached XP level 10. HP: 86/94 MP: 8/12
  7497 | D:7      | Reached skill level 8 in Unarmed Combat
  7880 | D:8      | Reached skill level 5 in Fighting
  8240 | D:8      | Reached skill level 9 in Unarmed Combat
  8404 | D:8      | Learned a level 3 spell: Confuse
  8717 | D:9      | Found a stormy altar of Qazlal.
  9091 | D:9      | Reached skill level 10 in Unarmed Combat
  9122 | D:9      | Found Vusoopne's Armour Boutique.
  9122 | D:9      | Found a staircase to the Orcish Mines.
  9123 | D:9      | Found Ibusioqi's Weapon Boutique.
  9453 | D:9      | Found a staircase to the Lair.
  9506 | D:9      | Reached XP level 11. HP: 56/102 MP: 8/13
  9835 | D:9      | Found Jaxus's Assorted Antiques.
  9843 | D:9      | Bought a scroll labeled ASIDEH QIJYHE for 19 gold pieces
  9843 | D:9      | Bought an amethyst potion for 17 gold pieces
  9843 | D:9      | Bought a scroll labeled YSUIMNUNUT for 19 gold pieces
  9843 | D:9      | Bought a scroll labeled ONWA KETEURCH for 19 gold pieces
  9843 | D:9      | Bought 2 amethyst potions for 34 gold pieces
  9843 | D:9      | Bought a yellow potion for 17 gold pieces
  9843 | D:9      | Bought a worn iron wand for 76 gold pieces
  9843 | D:9      | Bought a brass wand for 76 gold pieces
  9975 | D:9      | Reached skill level 11 in Unarmed Combat
 10143 | D:10     | Entered Level 10 of the Dungeon
 10178 | D:9      | Reached ****** piety under Cheibriados
 10187 | D:9      | Learned a level 3 spell: Dazzling Spray
 11027 | Lair:1   | Entered Level 1 of the Lair of Beasts
 11438 | Lair:1   | Reached skill level 12 in Unarmed Combat
 12034 | Lair:2   | Noticed smeego's ghost (journeyman KoAs)
 12058 | Lair:2   | Killed smeego's ghost
 12313 | Lair:2   | Reached skill level 10 in Dodging
 12440 | Lair:2   | Reached XP level 12. HP: 111/111 MP: 14/14
 13440 | Lair:3   | Reached skill level 13 in Unarmed Combat
 13563 | Lair:3   | Noticed a seven-headed hydra
 13576 | Lair:3   | Killed a seven-headed hydra
 14060 | Lair:4   | Noticed a six-headed hydra
 14162 | Lair:4   | Noticed a four-headed hydra
 14171 | Lair:4   | Killed a four-headed hydra
 14412 | Lair:4   | Killed a six-headed hydra
 14653 | Lair:4   | Noticed a four-headed hydra
 14661 | Lair:4   | Killed a four-headed hydra
 14927 | Lair:5   | Reached XP level 13. HP: 102/124 MP: 16/18
 15035 | Lair:5   | Reached skill level 1 in Evocations
 15451 | Lair:5   | Found a shimmering altar of Xom.
 15500 | Lair:5   | Learned a level 1 spell: Summon Small Mammal
 15584 | Lair:6   | Found a staircase to the Slime Pits.
 15627 | Lair:6   | Reached skill level 14 in Unarmed Combat
 16026 | Lair:6   | Found a hole to the Spider Nest.
 17051 | Lair:7   | Found a basalt altar of Yredelemnul.
 17095 | Lair:7   | Reached skill level 5 in Evocations
 17618 | Lair:7   | Reached XP level 14. HP: 108/136 MP: 19/19
 17720 | Lair:7   | Reached skill level 15 in Unarmed Combat
 18226 | Lair:8   | Entered Level 8 of the Lair of Beasts
 18739 | Lair:8   | Reached skill level 10 in Fighting
 19523 | Lair:8   | Got a brightly glowing robe
 19536 | Lair:8   | Identified the +1 robe of Disguise {Dex+3} (You found it on level 8 of the Lair of Beasts)
 19571 | Lair:8   | Learned a level 1 spell: Apportation
 19846 | Orc:1    | Entered Level 1 of the Orcish Mines
 19887 | Orc:2    | Entered Level 2 of the Orcish Mines
 20270 | Orc:1    | Noticed Snorg
 20282 | Orc:1    | Killed Snorg
 20651 | Orc:1    | Reached XP level 15. HP: 149/149 MP: 20/20
 20782 | Orc:2    | Found a staircase to the Elven Halls.
 21003 | Orc:2    | Found a roughly hewn altar of Beogh.
 21072 | Orc:2    | Found a burning altar of Makhleb.
 21286 | Orc:2    | Found a roughly hewn altar of Beogh.
 21308 | Orc:2    | Found Filoegu's Magic Scroll Boutique.
 21319 | Orc:2    | Bought a scroll of teleportation for 39 gold pieces
 21319 | Orc:2    | Bought a scroll of identify for 26 gold pieces
 21330 | Orc:2    | Reached skill level 16 in Unarmed Combat
 21376 | Orc:2    | Noticed an orc warlord
 21404 | Orc:2    | Killed an orc warlord
 21553 | Orc:2    | Found Ebipp's Antique Weapon Shoppe.
 21554 | Orc:2    | Found a roughly hewn altar of Beogh.
 21557 | Orc:2    | Found Woshrad's Antique Armour Emporium.
 21699 | Orc:2    | Found a roughly hewn altar of Beogh.
 21823 | Orc:2    | Found a roughly hewn altar of Beogh.
 21915 | Orc:2    | Found a roughly hewn altar of Beogh.
 21915 | Orc:2    | Found Jaetod's Distillery.
 21938 | Orc:2    | Bought a potion of flight for 33 gold pieces
 21938 | Orc:2    | Bought a potion of brilliance for 44 gold pieces
 21938 | Orc:2    | Bought a potion of agility for 44 gold pieces
 21938 | Orc:2    | Bought a potion of haste for 110 gold pieces
 21938 | Orc:2    | Bought a potion of curing for 33 gold pieces
 21938 | Orc:2    | Bought a potion of might for 44 gold pieces
 22041 | Orc:2    | Bought a tattered robe for 222 gold pieces
 22051 | Orc:2    | Identified the cursed +1 robe "Tuabox" {rElec MR- Dex+8} (You bought it in a shop on level 2 of the Orcish Mines)
 22223 | D:11     | Noticed Maud
 22231 | D:11     | Killed Maud
 22746 | D:11     | Noticed Nergalle
 22953 | D:11     | Killed Nergalle
 23161 | D:12     | Got a bloodstained robe
 23172 | D:12     | Identified the +2 robe of Niff {rC++ MR+ Int-4} (You found it on level 12 of the Dungeon)
 23428 | D:12     | Identified a scroll of acquirement
 23460 | D:12     | Learned a level 2 spell: Repel Missiles
 23614 | D:12     | Reached skill level 10 in Throwing
 23914 | D:13     | Noticed Josephine
 23920 | D:13     | Killed Josephine
 24086 | D:13     | Found a sparkling altar of Nemelex Xobeh.
 24380 | D:13     | Found an iron altar of Okawaru.
 24492 | D:13     | Paralysed by a hornet for 2 turns
 25249 | D:13     | Noticed Maurice
 25255 | D:13     | Noticed Nessos
 25255 | D:13     | Killed Maurice
 25265 | D:13     | Killed Nessos
 25828 | D:14     | Found a gate to the Vaults.
 25930 | D:14     | Reached XP level 16. HP: 163/163 MP: 21/21
 25959 | D:14     | Reached skill level 17 in Unarmed Combat
 26516 | D:15     | Entered Level 15 of the Dungeon
 26709 | D:15     | Found a staircase to the Depths.
 27889 | Spider:1 | Entered Level 1 of the Spider Nest
 28999 | Spider:2 | Noticed Asterion
 29009 | Spider:2 | Killed Asterion
 29225 | Spider:2 | You fall through a shaft!
 29225 | Spider:3 | Noticed Arachne
 29239 | Spider:3 | Killed Arachne
 29460 | Spider:3 | Reached XP level 17. HP: 149/179 MP: 22/22
 29581 | Spider:3 | Reached skill level 18 in Unarmed Combat
 30507 | Spider:3 | Identified the Handbook of the Shore (You found it on level 3 of the Spider Nest)
 30510 | Spider:3 | Learned a level 1 spell: Summon Butterflies
 31879 | Spider:4 | Entered Level 4 of the Spider Nest
 32519 | Spider:4 | Reached skill level 15 in Fighting
 33704 | Spider:4 | Reached XP level 18. HP: 184/193 MP: 23/23
 33729 | Spider:4 | Reached skill level 19 in Unarmed Combat
 33935 | Spider:4 | Got a gossamer rune of Zot
 35326 | Lair:3   | Found a staircase to the Swamp.
 35673 | Swamp:1  | Entered Level 1 of the Swamp
 36633 | Swamp:2  | Got a wavering steel ring
 36635 | Swamp:2  | Identified the ring "Elony" {SustAt rN+ MR+ Slay+3} (You found it on level 2 of the Swamp)
 37994 | Swamp:4  | Entered Level 4 of the Swamp
 38018 | Swamp:4  | Noticed Louise
 38043 | Swamp:4  | Killed Louise
 39162 | Swamp:4  | Got a decaying rune of Zot
 39586 | Vaults:1 | Entered Level 1 of the Vaults
 39761 | Vaults:1 | Paralysed by a hornet for 2 turns
 40141 | Vaults:1 | Reached XP level 19. HP: 201/201 MP: 19/24
 40166 | Vaults:1 | Noticed Norris
 40177 | Vaults:1 | Killed Norris
 40718 | Vaults:1 | Noticed Wiglaf
 40726 | Vaults:1 | Killed Wiglaf
 40726 | Vaults:1 | Reached skill level 20 in Unarmed Combat
 40909 | Vaults:2 | Noticed Saint Roka
 40936 | Vaults:2 | Killed Saint Roka
 41053 | Vaults:2 | Noticed Frederick
 41060 | Vaults:2 | Killed Frederick
 41645 | Vaults:2 | Reached skill level 15 in Dodging
 42390 | Vaults:3 | Noticed Jorgrun
 42396 | Vaults:3 | Killed Jorgrun
 42471 | Vaults:3 | Learned a level 3 spell: Spectral Weapon
 42576 | Vaults:3 | Found a staircase to the Crypt.
 42722 | Vaults:3 | Noticed a lich
 42727 | Vaults:3 | Killed a lich
 42729 | Vaults:3 | Reached XP level 20. HP: 118/210 MP: 5/26
 42733 | Vaults:3 | Killed Boris
 43027 | Vaults:3 | Found Noillaf's Armour Emporium.
 43230 | Vaults:3 | Reached skill level 10 in Invocations
 43478 | Vaults:3 | Reached skill level 21 in Unarmed Combat
 45585 | Depths:1 | Entered Level 1 of the Depths
 45645 | Depths:1 | Found a gateway to Hell.
 45645 | Depths:1 | Noticed Margery
 45669 | Depths:1 | Killed Margery
 46122 | Depths:1 | Found a one-way gate to the infinite horrors of the Abyss.
 46163 | Depths:1 | Reached skill level 22 in Unarmed Combat
 46204 | Depths:1 | Reached XP level 21. HP: 218/218 MP: 29/29
 46249 | Depths:1 | Found a shattered altar of Ashenzari.
 46510 | Depths:2 | Found a one-way gate leading to the halls of Pandemonium.
 48916 | Depths:3 | Learned a level 6 spell: Hydra Form
 48976 | Depths:3 | Reached skill level 1 in Transmutations
 49151 | Depths:3 | Found a gateway to a ziggurat.
 49167 | Zig:1    | Entered Level 1 of a ziggurat
 49308 | Depths:3 | Gained mutation: You have a pair of small horns on your head. [potion of beneficial mutation]
 49351 | Depths:3 | Reached skill level 23 in Unarmed Combat
 49909 | Depths:4 | Reached XP level 22. HP: 217/227 MP: 31/31
 50103 | Depths:4 | Paralysed by an ogre mage for 2 turns
 50184 | Depths:4 | Reached skill level 5 in Transmutations
 50457 | Depths:4 | Noticed a golden dragon
 50465 | Depths:4 | Killed a golden dragon
 50701 | Depths:4 | Noticed a caustic shrike
 50705 | Depths:4 | Killed a caustic shrike
 51125 | Depths:4 | Reached skill level 5 in Armour
 51223 | Depths:5 | Entered Level 5 of the Depths
 51276 | Depths:5 | Noticed a juggernaut
 51285 | Depths:5 | Killed a juggernaut
 51575 | Depths:5 | Noticed a golden dragon
 51594 | Depths:5 | Killed a golden dragon
 51665 | Depths:5 | Found a gate to the Realm of Zot.
 52539 | Elf:1    | Entered Level 1 of the Elven Halls
 52681 | Elf:1    | Reached skill level 10 in Armour
 52804 | Elf:1    | Found Doucasu's Weapon Boutique.
 52807 | Elf:1    | Reached XP level 23. HP: 235/235 MP: 27/32
 53670 | Elf:1    | Noticed Roxanne
 53891 | Elf:1    | Killed Roxanne
 53893 | Elf:1    | Identified Roxanne's Reference Book on Earthen Transmutation (You took it off Roxanne on level 1 of the Elven Halls)
 54012 | Elf:2    | Found a runed gate.
 54012 | Elf:2    | Found a runed gate.
 54012 | Elf:2    | Found a runed gate.
 54454 | Elf:2    | Found a radiant altar of Vehumet.
 55057 | Elf:3    | Entered Level 3 of the Elven Halls
 55207 | Elf:3    | Got a heavily runed lead ring
 55209 | Elf:3    | Identified the ring of Pinuc {MP+9 Str+3 Int+7} (You took it off a deep elf demonologist on level 3 of the Elven Halls)
 55503 | Elf:3    | Got a ring of the Octopus King
 55720 | Elf:3    | Identified a ring of the Octopus King {rC+ AC+1 EV+1 Str+1 Int+1 Dex+1} (You took it off a deep elf elementalist on level 3 of the Elven Halls)
 56024 | Elf:3    | Reached XP level 24. HP: 244/244 MP: 28/32
 56228 | Elf:3    | Reached skill level 15 in Armour
 56718 | Hell     | Entered the Vestibule of Hell
 56727 | Hell     | Noticed Geryon
 58488 | Hell     | Killed Geryon
 58695 | Hell     | Found a gateway to the decaying netherworld of Tartarus.
 58790 | Hell     | Found a gateway to the ashen valley of Gehenna.
 58897 | Hell     | Found a gateway to the Iron City of Dis.
 59027 | Hell     | Found a gateway to the freezing wastes of Cocytus.
 59236 | Crypt:1  | Entered Level 1 of the Crypt
 59646 | Crypt:1  | Noticed Mara
 59648 | Crypt:1  | Noticed sorlin's illusion
 59653 | Crypt:1  | Killed Mara
 59740 | Crypt:1  | Paralysed by something for 3 turns
 60566 | Crypt:2  | Noticed Sojobo
 60569 | Crypt:2  | Noticed Jory
 60576 | Crypt:2  | Killed Sojobo
 60668 | Crypt:1  | Reached XP level 25. HP: 138/260 MP: 32/32
 61105 | Crypt:2  | Noticed Mennas
 61130 | Crypt:2  | Killed Mennas
 61312 | Crypt:3  | Entered Level 3 of the Crypt
 61690 | Depths:1 | Learned a level 6 spell: Statue Form
 61920 | Crypt:1  | Reached skill level 1 in Earth Magic
 62029 | Crypt:1  | Killed Jory
 62189 | Crypt:3  | Found an ancient bone altar of Kikubaaqudgha.
 62497 | Crypt:3  | Reached skill level 5 in Earth Magic
 62950 | Crypt:3  | Noticed Khufu
 62967 | Crypt:3  | Killed Khufu
 62978 | Crypt:3  | Got an ancient jade ring
 62979 | Crypt:3  | Identified the ring of Lugonu's Displeasure {-Tele rC+ rN+ Str+3 Int+5} (You took it off a guardian mummy on level 3 of the Crypt)
 63253 | Crypt:3  | Got a scorched copper ring
 63255 | Crypt:3  | Identified the ring "Enuajoli" {+Inv rN+ Str-2 Slay+3} (You found it on level 3 of the Crypt)
 63262 | Crypt:3  | Got a warped sapphire amulet
 63263 | Crypt:3  | Identified the amulet of Winter {Regen+ Dex+4} (You found it on level 3 of the Crypt)
 63264 | Crypt:3  | Upgraded the game from 0.18-a0-1140-g8540535 to 0.18-a0-1146-g220265a
 63269 | Crypt:3  | Got a slimy marble ring
 63270 | Crypt:3  | Identified the ring "Zub Rira" {rF+ rC+ rN+} (You found it on level 3 of the Crypt)
 63311 | Crypt:3  | Found a staircase to the Tomb.
 64065 | Vaults:5 | Entered Level 5 of the Vaults
 64071 | Vaults:5 | Noticed an ancient lich
 64081 | Vaults:5 | Killed an ancient lich
 64081 | Vaults:5 | Reached XP level 26. HP: 228/271 MP: 15/32
 64088 | Vaults:5 | Reached skill level 10 in Earth Magic
 64433 | Vaults:5 | Reached skill level 10 in Transmutations
 64725 | Vaults:5 | Got a steaming turquoise ring
 64731 | Vaults:5 | Identified the ring "Vuthoco" {*Tele Fragile rF+ Stlth+} (You took it off an ironbrand convoker on level 5 of the Vaults)
 64766 | Vaults:5 | Learned a level 5 spell: Blade Hands
 64822 | Vaults:5 | Got a slimy bone ring
 64823 | Vaults:5 | Identified the ring of Yphuops {Ice Int+2 SInv} (You took it off a vault warden on level 5 of the Vaults)
 64852 | Vaults:5 | Upgraded the game from 0.18-a0-1146-g220265a to 0.18-a0-1147-g8e8348b
 64866 | Vaults:5 | Found Unebluhe's Antique Armour Emporium.
 64924 | Vaults:5 | Identified a +6 rod of shadows (10/10) (You took it off a yaktaur captain on level 5 of the Vaults)
 65027 | Vaults:5 | Got a silver rune of Zot
 65248 | Vaults:5 | Got a vibrating amber ring
 65249 | Vaults:5 | Identified the ring "Zuqaibb" {rF+ Dex+5 SInv} (You took it off a yaktaur on level 5 of the Vaults)
 65298 | Vaults:5 | Got a scintillating bronze ring
 65413 | Vaults:5 | Identified the ring of the Monkey's Uncle {*Tele Int+3} (You took it off a vault sentinel on level 5 of the Vaults)
 65972 | Zot:1    | Entered Level 1 of the Realm of Zot
 66592 | Zot:1    | Reached XP level 27. HP: 263/280 MP: 28/32
 67891 | Zot:2    | Gained mutation: Your body sometimes deteriorates upon taking damage. [a neqoxec]
 67895 | Zot:2    | Gained mutation: You occasionally shout uncontrollably at your foes. [a neqoxec]
 69445 | Zot:3    | Gained mutation: You passively map a small area around you. [potion of beneficial mutation]
 71457 | Zot:4    | Reached skill level 15 in Transmutations
 71856 | Zot:5    | Entered Level 5 of the Realm of Zot
 72149 | Zot:5    | Reached skill level 15 in Earth Magic
 72166 | Zot:5    | Reached skill level 1 in Spellcasting
 72880 | Zot:5    | Noticed an ancient lich
 72883 | Zot:5    | Killed an ancient lich
 72887 | Zot:5    | Learned a level 2 spell: Blink
 72975 | Zot:5    | Reached skill level 5 in Spellcasting
 73130 | Zot:5    | Noticed an orb of fire
 73134 | Zot:5    | Killed an orb of fire
 73290 | Zot:5    | Noticed an orb of fire
 73290 | Zot:5    | Gained mutation: Armour fits poorly on your strangely shaped body. [an orb of fire]
 73294 | Zot:5    | Killed an orb of fire
 73309 | Zot:5    | Noticed an ancient lich
 73319 | Zot:5    | Killed an ancient lich
 73568 | Zot:5    | Noticed an ancient lich
 73573 | Zot:5    | Noticed an orb of fire
 73578 | Zot:5    | Killed an ancient lich
 73585 | Zot:5    | Killed an orb of fire
 73717 | Zot:5    | Noticed an ancient lich
 73718 | Zot:5    | Noticed an ancient lich
 73721 | Zot:5    | Killed an ancient lich
 73726 | Zot:5    | Killed an ancient lich
 73892 | Zot:5    | Noticed an ancient lich
 73920 | Zot:5    | Killed an ancient lich
 74056 | Zot:5    | Noticed an orb of fire
 74065 | Zot:5    | Killed an orb of fire
 74263 | Zot:5    | Reached skill level 10 in Spellcasting
 74314 | Zot:5    | HP: 12/280 [Orb Guardian (29)]
 74551 | Zot:5    | Noticed an orb of fire
 74556 | Zot:5    | Killed an orb of fire
 75651 | Slime:1  | Entered Level 1 of the Pits of Slime
 76197 | Slime:6  | Entered Level 6 of the Pits of Slime
 76231 | Slime:6  | Gained mutation: You can translocate small distances at will. [a shining eye]
 76298 | Slime:6  | Noticed the Royal Jelly
 77275 | Slime:6  | Found a viscous altar of Jiyva.
 77314 | Slime:6  | Noticed Dissolution
 77322 | Slime:6  | Paralysed by a giant eyeball for 3 turns
 77346 | Slime:5  | HP: 4/282 [very large slime creature (47)]
 77346 | Slime:5  | HP: 1/282 [slime creature (3)]
 77700 | Slime:4  | Gained mutation: Your body often deteriorates upon taking damage. [a shining eye]
 79364 | Slime:6  | Killed Dissolution
 79533 | Slime:6  | Killed the Royal Jelly
 80067 | Slime:6  | Got a scorched bone ring
 80068 | Slime:6  | Identified the ring "Logioriu" {Wiz rN+ Str+6} (You found it on level 6 of the Pits of Slime)
 80117 | Slime:6  | Identified the Papyrus of Moulding and Translocation
 80124 | Slime:6  | Learned a level 5 spell: Phase Shift
 80155 | Slime:6  | Learned a level 3 spell: Conjure Flame
 80164 | Slime:6  | Learned a level 7 spell: Dragon Form
 80186 | Slime:6  | Got a slimy rune of Zot
 80294 | Slime:6  | Got a pitted marble ring
 80296 | Slime:6  | Identified the ring of Cummas {+Blink rElec rN+ MR+} (You found it on level 6 of the Pits of Slime)
 81104 | Pan      | Entered Pandemonium
 81220 | Pan      | Noticed Zienonu the pandemonium lord
 81228 | Pan      | Killed Zienonu the pandemonium lord
 81228 | Pan      | Reached skill level 1 in Translocations
 81292 | Pan      | Noticed Dogein the pandemonium lord
 81299 | Pan      | Killed Dogein the pandemonium lord
 81300 | Pan      | Gained mutation: You are partially covered in rugged brown scales (AC +1, +3% HP). [a neqoxec]
 81304 | Pan      | Gained mutation: You are frail (-10% HP). [a neqoxec]
 81431 | Pan      | Found an exit through the horrors of the Abyss.
 81576 | Pan      | Noticed Ysmiwk the pandemonium lord
 81599 | Pan      | Reached skill level 5 in Translocations
 81778 | Pan      | Lost mutation: You occasionally shout uncontrollably at your foes. [potion of cure mutation]
 81778 | Pan      | Lost mutation: Armour fits poorly on your strangely shaped body. [potion of cure mutation]
 81778 | Pan      | Lost mutation: Your body often deteriorates upon taking damage. [potion of cure mutation]
 81778 | Pan      | Lost mutation: You are frail (-10% HP). [potion of cure mutation]
 81778 | Pan      | Lost mutation: You have a pair of small horns on your head. [potion of cure mutation]
 81940 | Pan      | Killed Ysmiwk the pandemonium lord
 82090 | Pan      | Gained mutation: You occasionally shout uncontrollably at your foes. [a neqoxec]
 82091 | Pan      | Gained mutation: You sometimes yell uncontrollably at your foes. [a neqoxec]
 82093 | Pan      | Gained mutation: You frequently scream uncontrollably at your foes. [a neqoxec]
 82118 | Pan      | Gained mutation: You are occasionally teleported next to monsters. [a neqoxec]
 82124 | Pan      | Lost mutation: You frequently scream uncontrollably at your foes. [potion of cure mutation]
 82124 | Pan      | Lost mutation: Your body sometimes deteriorates upon taking damage. [potion of cure mutation]
 82124 | Pan      | Lost mutation: You sometimes yell uncontrollably at your foes. [potion of cure mutation]
 82124 | Pan      | Lost mutation: You occasionally shout uncontrollably at your foes. [potion of cure mutation]
 82125 | Pan      | Lost mutation: You can translocate small distances at will. [potion of cure mutation]
 82125 | Pan      | Lost mutation: You passively map a small area around you. [potion of cure mutation]
 82125 | Pan      | Lost mutation: You are occasionally teleported next to monsters. [potion of cure mutation]
 82125 | Pan      | Lost mutation: You are partially covered in rugged brown scales (AC +1, +3% HP). [potion of cure mutation]
 82134 | Pan      | Gained mutation: Your body sometimes deteriorates upon taking damage. [a neqoxec]
 82178 | Pan      | Noticed Gavi the pandemonium lord
 82181 | Pan      | Killed Gavi the pandemonium lord
 82471 | Pan      | Got a demonic rune of Zot
 82529 | Pan      | Noticed Make the pandemonium lord
 82543 | Pan      | Killed Make the pandemonium lord
 83070 | Pan      | Noticed Kuphie the pandemonium lord
 83075 | Pan      | Killed Kuphie the pandemonium lord
 83431 | Pan      | Found an exit through the horrors of the Abyss.
 83648 | Pan      | Noticed Jeugep the pandemonium lord
 83650 | Pan      | Gained mutation: You are occasionally teleported next to monsters. [a cacodemon]
 83655 | Pan      | Killed Jeugep the pandemonium lord
 83672 | Pan      | Reached skill level 24 in Unarmed Combat
 84401 | Pan      | Found an exit through the horrors of the Abyss.
 84981 | Pan      | Noticed Suidd the pandemonium lord
 84983 | Pan      | Killed Suidd the pandemonium lord
 85097 | Pan      | Learned a level 3 spell: Portal Projectile
 85100 | Pan      | Learned a level 2 spell: Shroud of Golubria
 85115 | Pan      | Found an exit through the horrors of the Abyss.
 85878 | Pan      | Entered the realm of Mnoleg.
 85898 | Pan      | Found an exit through the horrors of the Abyss.
 85910 | Pan      | Gained mutation: You expend magic power (3 MP) to strengthen your wands. [a neqoxec]
 85922 | Pan      | Gained mutation: You occasionally shout uncontrollably at your foes. [a cacodemon]
 85950 | Pan      | Gained mutation: You are clumsy. (Dex -2) [a neqoxec]
 85951 | Pan      | Gained mutation: Your spells are a little harder to cast, but a little more powerful. [a neqoxec]
 85953 | Pan      | Gained mutation: Potions and wands are less effective at restoring your health. [a neqoxec]
 85972 | Pan      | Reached skill level 25 in Unarmed Combat
 85978 | Pan      | Noticed Mnoleg
 86035 | Pan      | Lost mutation: Your spells are a little harder to cast, but a little more powerful. [potion of cure mutation]
 86035 | Pan      | Lost mutation: Potions and wands are less effective at restoring your health. [potion of cure mutation]
 86035 | Pan      | Lost mutation: You expend magic power (3 MP) to strengthen your wands. [potion of cure mutation]
 86035 | Pan      | Lost mutation: Your body sometimes deteriorates upon taking damage. [potion of cure mutation]
 86042 | Pan      | Gained mutation: You are dopey. (Int -2) [a cacodemon]
 86049 | Pan      | Gained mutation: Armour fits poorly on your strangely shaped body. [a cacodemon]
 86225 | Pan      | Gained mutation: You sometimes yell uncontrollably at your foes. [a neqoxec]
 86301 | Pan      | Gained mutation: You are very clumsy. (Dex -4) [a neqoxec]
 86302 | Pan      | Gained mutation: Your body sometimes deteriorates upon taking damage. [a neqoxec]
 86375 | Pan      | Gained mutation: Your spells are a little easier to cast, but a little less powerful. [a shining eye]
 86375 | Pan      | Gained mutation: You expend magic power (3 MP) to strengthen your wands. [a shining eye]
 86476 | Pan      | Got a glowing rune of Zot
 86547 | Pan      | Gained mutation: You are very dopey. (Int -4) [mutagenic meat]
 86549 | Pan      | Lost mutation: You are very dopey. (Int -4) [mutagenic meat]
 86554 | Pan      | Lost mutation: You expend magic power (3 MP) to strengthen your wands. [mutagenic meat]
 86632 | Pan      | Killed Mnoleg
 86639 | Pan      | Gained mutation: You are very dopey. (Int -4) [a neqoxec]
 86640 | Pan      | Gained mutation: You are weak. (Str -2) [a neqoxec]
 86961 | Pan      | Gained mutation: You tend to lose your temper in combat. [a cacodemon]
 86961 | Pan      | Gained mutation: Scrolls take you a little longer to read. [a cacodemon]
 86962 | Pan      | Gained mutation: You are very weak. (Str -4) [a cacodemon]
 86970 | Pan      | Gained mutation: You are frail (-10% HP). [a neqoxec]
 87007 | Pan      | Took an exit into the Abyss.
 87007 | Abyss:1  | Escaped into the Abyss
 87085 | Abyss:3  | Found a corrupted altar of Lugonu.
 87095 | Abyss:3  | Paralysed by accursed screaming for 1 turns
 87138 | Abyss:3  | Paralysed by accursed screaming for 1 turns
 87140 | Abyss:3  | Paralysed by accursed screaming for 1 turns
 87142 | Abyss:3  | Paralysed by accursed screaming for 1 turns
 87537 | Abyss:3  | Reached skill level 26 in Unarmed Combat
 87543 | Abyss:3  | Paralysed by accursed screaming for 2 turns
 87573 | Abyss:3  | Gained mutation: Scrolls take you longer to read. [a neqoxec]
 87626 | Abyss:3  | Paralysed by accursed screaming for 1 turns
 87846 | Abyss:3  | Paralysed by accursed screaming for 1 turns
 88209 | Abyss:3  | Gained mutation: You frequently scream uncontrollably at your foes. [a neqoxec]
 88654 | Abyss:3  | Paralysed by accursed screaming for 2 turns
 88872 | Abyss:3  | Paralysed by accursed screaming for 2 turns
 89019 | Abyss:3  | Found a corrupted altar of Lugonu.
 89170 | Abyss:3  | Found a corrupted altar of Lugonu.
 89215 | Abyss:3  | Paralysed by accursed screaming for 1 turns
 89340 | Abyss:3  | Reached skill level 27 in Unarmed Combat
 89567 | Abyss:3  | Got a bloodstained shield
 89571 | Abyss:3  | Identified the +3 shield "Jereacy" {+Blink rPois Dex+3} (You acquired it on level 3 of the Abyss)
 90143 | Abyss:3  | Noticed an ancient lich
 90149 | Abyss:3  | Killed an ancient lich
 90201 | Abyss:3  | Gained mutation: Your spells are easier to cast, but less powerful. [a neqoxec]
 90226 | Abyss:3  | Got an abyssal rune of Zot
 90261 | Depths:2 | Escaped the Abyss
 90400 | Tar:1    | Entered Level 1 of Tartarus
 91168 | Tar:7    | Entered Level 7 of Tartarus
 91554 | Tar:7    | Noticed an ancient lich
 91554 | Tar:7    | Noticed an ancient lich
 91555 | Tar:7    | Killed an ancient lich
 91556 | Tar:7    | Killed an ancient lich
 91670 | Tar:7    | Gained mutation: You are very frail (-20% HP). [mutagenic glow]
 91812 | Tar:7    | Noticed Ereshkigal
 92365 | Tomb:1   | Entered Level 1 of the Tomb of the Ancients
 92581 | Tomb:1   | Noticed a greater mummy
 92586 | Tomb:1   | Noticed a greater mummy
 92587 | Tomb:1   | Killed a greater mummy
 92591 | Tomb:1   | Noticed a greater mummy
 92593 | Tomb:1   | Noticed a greater mummy
 92603 | Tomb:1   | Killed a greater mummy
 92615 | Tomb:1   | Noticed a greater mummy
 92616 | Tomb:1   | Slain by a greater mummy

Vault maps used:
D:1:      erik_arrival_cave_to_civilisation, minmay_stone_trees_small
D:3:      lemuel_zombie_altar_kikubaaqudgha, first_bread, cheibriados_altar_1
D:4:      hex_large, uniq_pikel
D:5:      tso_metal_star, gammafunk_temple_overflow_wave,
          minmay_temple_entry_poolview
D:6:      nicolae_overflow_hidden_temple, trog_butcher_becter
D:9:      grunt_qazlal_clouds, erik_lair_island, orc_david_3, serial_shops,
          nicolae_shop_statue_plus
D:11:     uniq_maud, uniq_nergalle
D:12:     serial_ice, serial_ice_d, serial_ice_n, serial_ice_m, serial_ice_h
D:13:     evilmike_iron_armoury, basic_altar, uniq_maurice, uniq_josephine,
          uniq_nessos
D:14:     hangedman_vaults_entry_quadrant_bands
D:15:     gammafunk_enter_depths_forms, serial_bayou_pond_c, lab_entry_generic,
          minmay_unpleasant_kobolds
Lair:1:   nicolae_quartered_pool_super, grunt_megastairs_4
Lair:3:   minmay_swamp_entry_worms
Lair:5:   basic_altar, serial_bayou_pond_e
Lair:6:   nicolae_spider_entry_orb_guardian, slime_dummy
Lair:7:   onia_ninara_swampy_vault, basic_altar,
          portal_ice_cave_entry_pillars_02, grunt_forest_small_clearings,
          hibernation_bobbens
Lair:8:   due_jungle_book, infiniplex_staircase_pool_2
Swamp:1:  evilmike_swamp_ruin_house_5
Swamp:2:  evilmike_swamp_ruin_house_4, hangedman_swamp_muck,
          infiniplex_staircase_pool
Swamp:3:  nicolae_swamp_round_clearing
Swamp:4:  swamp_icy, uniq_louise
Spider:1: spider_trap, minivault_29
Spider:2: uniq_asterion
Spider:3: mumra_spider_spiderweb, uniq_arachne
Spider:4: floodkiller_spider_rune_tomb, nicolae_spider_webbed_stairs
Slime:6:  uniq_dissolution
Orc:1:    minmay_goldmine, uniq_snorg
Orc:2:    grunt_orc_community_town_hall, grunt_orc_community_big_house_2,
          grunt_orc_community_big_house_1, grunt_orc_community_house_3,
          grunt_orc_community_house_1, grunt_orc_community_house_3,
          grunt_orc_community_house_2, grunt_orc_community_house_3,
          bloody_makhleb
Elf:1:    minmay_elf_arrival_summoners, serial_shops, shop, orc_legates,
          serial_sigils_hangedman_scratch, feat_on_display, uniq_roxanne
Elf:2:    basic_altar
Elf:3:    minmay_elf_hall_quartered_circle, hangedman_glass_teeth
Vaults:1: nicolae_vaults_triangles, nicolae_vaults_theta,
          nicolae_vaults_disjoint_gnomons, st_cross, v_misc_19,
          vaults_mumra_hex, v_pattern_4, vaults_dpeg_diagonal,
          nicolae_vaults_little_squares_5, nicolae_vaults_alarming, uniq_norris,
          uniq_wiglaf
Vaults:2: hangedman_vaults_slice, hangedman_vaults_stitches, vaults_dpeg_hooks,
          vaults_room_door_ring, hangedman_vaults_locks, v_misc_5,
          ontoclasm_vaults_eye, uniq_frederick, uniq_saint_roka
Vaults:3: minmay_crypt_entry_vampire_xt, nicolae_vaults_sealed_display,
          ontoclasm_vaults_bender, vaults_standard_mumra_x,
          hangedman_vaults_capsules, serial_shops, nicolae_shop_stone,
          uniq_boris, uniq_jorgrun
Vaults:4: v_rooms_2, hangedman_vaults_river_flow, nicolae_vaults_quadrants,
          grunt_vaults_swirl, hangedman_vaults_hat, ontoclasm_vaults_ligature,
          hangedman_vaults_stretched_pinwheel, vaults_dpeg_doors,
          hangedman_vaults_corner, v_alt_pattern_6, vaults_dpeg_cross,
          nicolae_vaults_little_squares_5, v_misc_23
Crypt:1:  hangedman_screamer, serial_sigils_hangedman_carve,
          roderic_lattice_octagonal_star, uniq_mara
Crypt:2:  hex_tiny, grunt_ministairs_15, uniq_sojobo, uniq_mennas, uniq_jory
Crypt:3:  grunt_crypt_end_deaths_head
Depths:1: abyss_entry, columned_hall_lemuel, grunt_metal_band,
          evilmike_ruin_ashenzari
Depths:2: fort_yaktaur, grunt_pan_entry_in_and_out, grunt_hell_entry_dis_mu,
          abyss_entry, minmay_tree_intersection
Depths:3: kennysheep_ogre_elephant_herders, enter_ziggurat_e,
          serial_bayou_pond_c, hell_entry, rand_demon_pan_entry_3,
          infiniplex_staircase_zigzag_1
Depths:4: evilmike_marble_ring, minmay_crystal_water, pan_entry, abyss_entry,
          hell_entry, infiniplex_staircase_river
Depths:5: grunt_crosshair, abyss_entry_glasseish, minmay_misc_feat_hallway,
          hell_entry
Tar:1:    nicolae_tar_cuneiform_city
Tar:2:    nicolae_tar_cuneiform_city
Tar:4:    nicolae_tar_cuneiform_bird, grunt_tartarus_stairs_gauntlet_trap
Tar:5:    nicolae_tar_cuneiform_city
Tar:6:    door_vault
Tar:7:    tar_grunt_cathedral
Zot:1:    st_stairs_8, st_small_dragon_hoard_2
Zot:2:    lemuel_draconian_sentries, basic_stair_grate_trap
Zot:3:    zot_minivault_3
Abyss:2:  evilmike_abyss_exit_mutagenic, minivault_4,
          guppyfry_abyss_exit_imp_island,
          hangedman_abyss_or_decor_jellyfish_corner,
          guppyfry_abyss_exit_glass_guarded
Abyss:3:  minivault_11
Pan:      grunt_pan_in_and_out, pan_blood_fountain_2, nicolae_pan_glass_arcs,
          grunt_pan_frozen_over, lemuel_hall_of_pain, pan_blood_fountain,
          evilmike_mini_pan_corridor, nicolae_pan_mnolegish_1,
          nicolae_pan_sigil_nadil, nicolae_pan_double_arrow,
          pan_blood_fountain_small, evilmike_mini_pan_pillars,
          evilmike_mini_pan_3x3, rand_demon_6, pan_blood_fountain,
          evilmike_mini_pan_possible_glass, pan_blood_fountain_small,
          pan_surprise, reaverb_pan_figure_eight, mnoleg_grunt,
          nicolae_pan_gloorx_vloqian_2, nicolae_pan_strange_glyphs

Action                   |  1- 3 |  4- 6 |  7- 9 | 10-12 | 13-15 | 16-18 | 19-21 | 22-24 | 25-27 || total
-------------------------+-------+-------+-------+-------+-------+-------+-------+-------+-------++-------
Melee: Unarmed           |    53 |   126 |   234 |   530 |  1100 |  1290 |  1233 |  1340 |  4517 || 10423
       Hunting sling     |       |       |       |       |       |     4 |       |       |       ||     4
       Staff             |       |       |       |       |       |       |       |       |    94 ||    94
 Fire: Hunting sling     |    32 |    23 |       |   166 |    22 |   224 |     4 |       |       ||   471
Throw: Stone             |    12 |    10 |    16 |     4 |       |       |       |       |       ||    42
       Tomahawk          |    18 |    12 |    48 |    68 |    29 |       |       |       |       ||   175
       Large rock        |       |       |       |       |    14 |    24 |    27 |    43 |   167 ||   275
 Cast: Corona            |       |       |     1 |       |       |       |       |       |       ||     1
       Repel Missiles    |       |       |       |       |     5 |     2 |     6 |       |     3 ||    16
       Statue Form       |       |       |       |       |       |       |       |       |   130 ||   130
       Blink             |       |       |       |       |       |       |       |       |    22 ||    22
       Blade Hands       |       |       |       |       |       |       |       |       |    12 ||    12
       Phase Shift       |       |       |       |       |       |       |       |       |     3 ||     3
Invok: Bend Time         |       |       |     1 |     7 |     4 |       |       |       |       ||    12
       Temporal Distorti |       |       |       |     2 |     3 |     6 |    19 |    24 |    71 ||   125
       Step From Time    |       |       |       |     1 |     2 |     2 |     1 |    11 |    22 ||    39
       Slouch            |       |       |       |       |     1 |       |     5 |     6 |    11 ||    23
 Abil: Evoke Invisibilit |       |       |       |       |       |       |       |       |     8 ||     8
       Blink             |       |       |       |       |       |       |       |       |     1 ||     1
       End Transformatio |       |       |       |       |       |       |       |       |     1 ||     1
Evoke: Wand              |       |       |       |     1 |    15 |    10 |     6 |    11 |    43 ||    86
       Sack of spiders   |       |       |       |       |       |       |       |     1 |     2 ||     3
       Phantom mirror    |       |       |       |       |       |       |       |     1 |     1 ||     2
       Phial of floods   |       |       |       |       |       |       |       |       |     2 ||     2
       Deck              |       |       |       |       |       |       |       |       |     1 ||     1
       Lamp of fire      |       |       |       |       |       |       |       |       |     1 ||     1
  Use: Potion            |       |     1 |       |       |     5 |    12 |     3 |     8 |    25 ||    54
       Scroll            |       |       |     4 |    18 |    21 |    14 |     5 |    11 |    47 ||   120
 Stab: Sleeping          |     2 |     1 |     2 |     5 |     4 |     6 |     4 |       |     2 ||    26
       Distracted        |       |       |       |       |     9 |     5 |       |     1 |     4 ||    19
       Paralysed         |       |       |       |       |     5 |       |       |       |       ||     5
       Invisible         |       |       |       |       |       |     2 |       |    10 |    28 ||    40
  Eat: Chunk             |    22 |    13 |    21 |    53 |    74 |    87 |    68 |    43 |   121 ||   502
       Fruit             |       |       |       |       |       |     1 |       |       |     6 ||     7
       Beef jerky        |       |       |       |       |       |     3 |       |       |     4 ||     7
       Pizza             |       |       |       |       |       |     2 |     1 |     2 |     3 ||     8
       Bread ration      |       |       |       |       |       |     1 |       |     7 |    30 ||    38
       Royal jelly       |       |       |       |       |       |     1 |       |       |     3 ||     4
       Meat ration       |       |       |       |       |       |       |       |       |     2 ||     2
